 Seeded DCSS version 0.30.1-11-g7821555f0a (webtiles) character file.

Game seed: 6351066067085065685 (custom seed)

3350 Esekla the Thaumaturge (level 9, -11/45 HPs)
             Began as a Deep Elf Wanderer on Oct 27, 2023.
             Was a Priest of Vehumet.
             Engulfed by a cloud of flame (21 damage)
             ... on level 8 of the Dungeon.
             The game lasted 00:54:55 (5969 turns).

Esekla the Thaumaturge (Deep Elf Wanderer)          Turns: 5969, Time: 00:54:56

Health: -11/45     AC:  5    Str: 11    XL:     9   Next: 72%
Magic:  3/26       EV: 13    Int: 23    God:    Vehumet [***...]
Gold:   426        SH:  4    Dex: 14    Spells: 13/30 levels left

rFire   . . .        s - +5 rapier of the Hero {heavy, rN+ Dex+3}
rCold   . . .        d - +0 buckler
rNeg    + . .        A - +0 robe
rPois   .            l - +0 helmet
rElec   .            g - +0 cloak
rCorr   .            k - +0 pair of gloves
SInv    .            (no boots)
Will    .....        q - amulet of magic regeneration
Stlth   ++           (no ring)
HPRegen 0.27/turn    (no ring)
MPRegen 0.60/turn

%: no passive effects
@: on blink cooldown
A: no striking features
a: Renounce Religion


You were on level 8 of the Dungeon.
You worshipped Vehumet.
Vehumet was most pleased with you.
You visited 1 branch of the dungeon, and saw 8 of its levels.

You collected 426 gold pieces.

Inventory:

Hand Weapons
 a - a +2 vampiric dagger
 c - a +4 scimitar
 r - a +4 trident of venom
 s - the +5 rapier of the Hero (weapon) {heavy, rN+ Dex+3}
   (You found it on level 3 of the Dungeon)

   Dex:       It affects your dexterity (+3).
   rN:        It protects you from negative energy.
 H - a +4 great sword
Missiles
 x - 16 poisoned darts (quivered)
 I - 5 curare-tipped darts
Armour
 d - a +0 buckler (worn)
 g - a +0 cloak (worn)
 k - a +0 pair of gloves (worn)
 l - a +0 helmet (worn)
 A - a +0 robe (worn)
Jewellery
 q - an amulet of magic regeneration (around neck)
Wands
 u - a wand of roots (23)
 C - a wand of flame (14)
 F - a wand of mindburst (9)
Scrolls
 j - a scroll of enchant armour
 n - a scroll of silence
 o - a scroll of magic mapping
 t - 3 scrolls of noise {unknown}
 v - 5 scrolls of blinking {unknown}
 w - 2 scrolls of amnesia
 y - 2 scrolls of fog
 z - 3 scrolls of enchant weapon {unknown}
 B - a scroll of fear
 E - 2 scrolls of teleportation
 G - 2 scrolls of poison
Potions
 b - a potion of lignification
 e - 3 potions of ambrosia {unknown}
 f - 6 potions of attraction {unknown}
 h - 2 potions of heal wounds {unknown}
 i - 3 potions of haste {unknown}
 m - a potion of mutation
 p - 3 potions of brilliance {unknown}
 D - 3 potions of curing


   Skills:
 + Level 2.7 Short Blades
 + Level 1.9 Throwing
 * Level 5.0 Dodging
 + Level 3.2 Stealth
 + Level 2.2 Shields
 * Level 11.4 Spellcasting
 * Level 3.0 Conjurations
 * Level 7.2 Necromancy
 + Level 3.3 Translocations
 * Level 1.8 Transmutations
 * Level 1.8 Fire Magic
 * Level 3.2 Air Magic
 * Level 3.0 Poison Magic
 + Level 1.0 Invocations


You had 13 spell levels left.
You knew the following spells:

 Your Spells              Type           Power      Damage    Failure   Level
a - Magic Dart            Conj           100%       1d8       1%          1
b - Blink                 Tloc           56%        N/A       2%          2
c - Mephitic Cloud        Conj/Pois/Air  27%        N/A       1%          3
d - Vampiric Draining     Necr           46%        2d9       1%          3
f - Flame Wave            Conj/Fire      24%        2d8       7%          4
n - Ignite Poison         Fire/Tmut/Pois 23%        N/A       2%          3
p - Apportation           Tloc           56%        N/A       1%          1

Your spell library contained the following spells:

 Spells                   Type           Power      Damage    Failure   Level
 Lesser Beckoning         Tloc           56%        N/A       2%          2
 Gell's Gravitas          Tloc           28%        N/A       5%          3
 Teleport Other           Tloc           28%        N/A       5%          3
 Spider Form              Tmut/Pois      24%        N/A       8%          3
 Cause Fear               Hex            6%         N/A       56%         4
 Summon Mana Viper        Hex/Summ       13%        N/A       88%         5


Dungeon Overview and Level Annotations

Branches:
Dungeon (8/15)             Temple (0/1) D:6
   Lair: D:8-11

Altars:
Dithmenos
Fedhas
Hepliaklqana
Okawaru
Qazlal
Trog
Vehumet
Zin
The Shining One

Shops:
D:2 =   D:4 (


Message History

The ball explodes into a vile cloud!
The stinking cloud engulfs the gnoll but does no damage.
You hear a shout! x4
The orc closely misses you.
The gnoll is engulfed in noxious fumes.
The gnoll appears confused.
You hear a shout!
Casting: Mephitic Cloud (safe; 1% risk of failure)
Confirm with . or Enter, or press ? or * to list all spells.
You ignite the poison in your surroundings!
The gnoll is engulfed in blazing flames.
The gnoll barely misses you.
Casting: Ignite Poison (dangerous; 2% risk of failure)
Confirm with . or Enter, or press ? or * to list all spells.
You blink.
You are engulfed in blazing flames.
The orc completely misses you.
The gnoll is engulfed in blazing flames.
You kill the gnoll!
Vehumet accepts your kill.
You feel your power returning.
As you read the scroll of fear, it crumbles to dust.
You assume a fearsome visage.
The gnoll looks frightened! x2
The orc looks frightened!
The gnoll looks frightened!
The orc looks frightened!
The orc wizard looks frightened!
The orc looks frightened! x2
You are engulfed in blazing flames.
Ouch! That really hurt!
* * * LOW HITPOINT WARNING * * *
The orc wizard gestures wildly while chanting.
The orc wizard flickers and vanishes!
Deactivating autopickup; reactivate with Ctrl-A.
Casting: Blink (safe; 2% risk of failure)
Confirm with . or Enter, or press ? or * to list all spells.
Aiming: Vampiric Draining (safe; 1% risk of failure)
Press: ? - help, Shift-Dir - straight line, f - orc
Aim: an orc, wielding a +0 club and wearing a +0 leather armour (fleeing)
Your attack snaps the orc out of its fear.
You draw life force from the orc!
You kill the orc!
Vehumet accepts your kill.
You feel your power returning.
You feel life coursing into your body.
You are engulfed in blazing flames.
You die...

o..### o... o.#
####o# #og.g##
#o##.§###
#°#.55<.#
#○##g##.##
#@##)##.o.#
#)##g####.# #####
#o##g# #.# #.[.#
#g##g# #.# #.#.#
#.{.g. #K #.#.#
.g....$g#.####.#O#
...8.g.oog§.##.#..
.8.O.8..o##.o..###
g.g.. ###).#..


You could see a two-headed ogre, 3 gnolls and 3 orcs.

Vanquished Creatures
  Pikel (D:6)
  Joseph (D:7)
  A wyvern (D:7)
  Menkaure (D:7)
  An ice beast (D:6)
  A sky beast (D:6)
  2 black bears
  2 ogres
  A centaur (D:7)
  A phantom (D:7)
  Blork the orc (D:6)
  2 kobold brigands
  A gnoll sergeant (D:7)
  A bullfrog (D:7)
  2 scorpions (D:5)
  3 wights (D:7)
  A quasit (D:8)
  2 gnoll boudas
  6 hounds
  A jelly (D:6)
  Crazy Yiuf (D:7)
  A sleepcap (D:5)
  5 iguanas
  2 orc wizards
  19 gnolls
  9 adders
  A shadow imp (D:7)
  5 white imps
  3 ufetubi
  A worm (D:4)
  3 dart slugs
  22 orcs
  4 endoplasms
  8 goblins
  5 hobgoblins
  A quokka (D:1)
  6 ball pythons
  4 bats
  4 frilled lizards
  12 kobolds
  A rat (D:2)
149 creatures vanquished.

Notes
Turn   | Place    | Note
-------+----------+-------------------------------------------
     0 | D:1      | Esekla the Deep Elf Wanderer began the quest for the Orb.
     0 | D:1      | Esekla set off with the following items: a +0 club, a
                  | potion of lignification, a +0 robe, a +0 buckler; and the
                  | following spells available to memorise: Apportation, Blink,
                  | Lesser Beckoning, Magic Dart, Ignite Poison, Vampiric
                  | Draining.
     0 | D:1      | Reached XP level 1. HP: 10/10 MP: 7/7
     2 | D:1      | Learned a level 1 spell: Magic Dart
     4 | D:1      | Learned a level 1 spell: Apportation
   584 | D:4      | Found a radiant altar of Vehumet.
   592 | D:4      | Found an iron altar of Okawaru.
   603 | D:4      | Found a glowing silver altar of Zin.
   687 | D:4      | Became a worshipper of Vehumet
   759 | D:5      | Entered Level 5 of the Dungeon
   763 | D:5      | Got the Parchment of the Lumpy Olives
   786 | D:5      | Found a shadowy altar of Dithmenos.
   844 | D:4      | Reached skill level 1 in Necromancy
   910 | D:4      | Noticed a gnoll bouda
   938 | D:3      | Reached XP level 2. HP: 15/15 MP: 9/9
   941 | D:3      | Learned a level 2 spell: Blink
  1226 | D:3      | Reached XP level 3. HP: 10/19 MP: 11/11
  1230 | D:3      | Learned a level 3 spell: Vampiric Draining
  1338 | D:3      | Identified the +5 rapier of the Hero {heavy, rN+ Dex+3}
  1358 | D:2      | Found Renulab's Jewellery Shop.
  1487 | D:2      | Reached skill level 5 in Spellcasting
  1541 | D:2      | Reached skill level 1 in Conjurations
  1562 | D:2      | Reached XP level 4. HP: 17/24 MP: 3/13
  1641 | D:2      | Found a faded altar of an unknown god.
  1700 | D:2      | Noticed a black bear
  1741 | D:1      | Reached skill level 1 in Short Blades
  1743 | D:1      | Reached * piety under Vehumet
  1743 | D:1      | Offered knowledge of Freeze by Vehumet.
  2256 | D:2      | Killed a black bear
  2257 | D:2      | Reached skill level 1 in Dodging
  2257 | D:2      | Reached skill level 6 in Spellcasting
  2257 | D:2      | Reached XP level 5. HP: 26/28 MP: 6/15
  2502 | D:3      | Found a stormy altar of Qazlal.
  2518 | D:3      | Reached XP level 6. HP: 23/32 MP: 6/17
  2574 | D:3      | Found a bloodstained altar of Trog.
  2576 | D:3      | Found a hazy altar of Hepliaklqana.
  2723 | D:4      | Found Ponaysk's Antique Weapon Boutique.
  2859 | D:4      | Found a glowing golden altar of the Shining One.
  2887 | D:4      | Reached ** piety under Vehumet
  2896 | D:4      | Offered knowledge of Foxfire by Vehumet.
  3188 | D:4      | Reached skill level 7 in Spellcasting
  3290 | D:5      | Reached skill level 1 in Throwing
  3413 | D:5      | Reached XP level 7. HP: 33/36 MP: 15/19
  3774 | D:5      | Reached skill level 8 in Spellcasting
  3811 | D:5      | Reached skill level 5 in Necromancy
  3912 | D:5      | Offered knowledge of Mephitic Cloud by Vehumet.
  3917 | D:5      | Learned a level 3 spell: Mephitic Cloud
  4091 | D:6      | Reached skill level 1 in Air Magic
  4128 | D:6      | Found a blossoming altar of Fedhas.
  4158 | D:6      | Reached XP level 8. HP: 21/41 MP: 12/22
  4340 | D:6      | Found a staircase to the Ecumenical Temple.
  4384 | D:6      | Reached skill level 1 in Poison Magic
  4417 | D:6      | Noticed Pikel
  4444 | D:6      | Killed Pikel
  4445 | D:6      | Reached skill level 9 in Spellcasting
  4477 | D:6      | Learned a level 3 spell: Ignite Poison
  4703 | D:6      | Reached skill level 10 in Spellcasting
  4709 | D:6      | Noticed Blork the orc
  4715 | D:6      | Killed Blork the orc
  4784 | D:7      | Found a runed translucent door.
  4785 | D:7      | Noticed Crazy Yiuf
  4938 | D:7      | You fall into a shaft and drop 1 floor!
  4951 | D:8      | Noticed a two-headed ogre
  4983 | D:7      | Reached *** piety under Vehumet
  5030 | D:7      | Reached XP level 9. HP: 38/45 MP: 19/25
  5067 | D:7      | Noticed Menkaure
  5072 | D:7      | Killed Menkaure
  5183 | D:7      | Killed Crazy Yiuf
  5223 | D:7      | Reached skill level 1 in Fire Magic
  5383 | D:7      | Reached skill level 1 in Transmutations
  5565 | D:7      | Reached skill level 11 in Spellcasting
  5607 | D:7      | Noticed Joseph
  5634 | D:7      | Killed Joseph
  5915 | D:7      | Offered knowledge of Flame Wave by Vehumet.
  5922 | D:7      | Learned a level 4 spell: Flame Wave
  5945 | D:8      | Reached skill level 5 in Dodging
  5969 | D:8      | Engulfed by a cloud of flame

Illustrated notes

Levels and vault maps discovered:
D:1:      sevenhm_arrival_forest_fort_small_3, layout_rooms,
          chequers_serial_rivers_room_b, minmay_misc_feat_five
D:2:      layout_loops_ring, dreamdust_ecumenical_altar_angels_and_demons,
          serial_shops, shop
D:3:      layout_basic, grunt_temple_overflow_open, minmay_misc_feat_iff
D:4:      layout_basic, nicolae_overflow_quartered_altars, serial_shops,
          nicolae_diamond_shop
D:5:      layout_loops_ring, lemuel_doored_altar, minmay_misc_feat_rows,
          dreamdust_wishing_well
D:6:      layout_loops_cross, fedhas_altar_fruit_tree,
          minmay_temple_entry_glass, uniq_pikel, uniq_blork_the_orc
D:7:      layout_basic, uniq_menkaure, uniq_joseph, uniq_crazy_yiuf_cottage
D:8:      layout_basic, nicolae_uskayaw_dance_hall, serial_demonic,
          serial_demonic_d, serial_demonic_a, serial_demonic_c,
          serial_demonic_c, nicolae_diode_quadrants

Skill      XL: |  1  2  3  4  5  6  7  8  9 |
---------------+----------------------------+-----
Necromancy     | 1 3 4 5 6 7 |  7.2
Spellcasting   | 5 6 7 8 10 11 | 11.4
Conjurations   | 1 2 3 |  3.0
Short Blades   | 1 2 |  2.7
Dodging        | 1 2 3 5 |  5.0
Throwing       | 1 |  1.9
Stealth        | 2 3 |  3.2
Translocations | 3 |  3.3
Air Magic      | 1 2 3 |  3.2
Poison Magic   | 2 3 |  3.0
Shields        | 2 |  2.2
Fire Magic     | 1 |  1.8
Transmutations | 1 |  1.8
Invocations    | |  1.0

Action                     |  1- 3 |  4- 6 |  7- 9 || total
---------------------------+-------+-------+-------++-------
  Melee: Short sword       |    27 |       |       ||    27
         Dagger            |    44 |    80 |    40 ||   164
         Rapier            |     1 |    11 |    83 ||    95
  Throw: Dart              |       |    20 |    37 ||    57
   Cast: Apportation       |    29 |    10 |    42 ||    81
         Magic Dart        |    33 |    52 |    27 ||   112
         Vampiric Draining |     3 |    29 |    42 ||    74
         Blink             |       |     2 |     6 ||     8
         Mephitic Cloud    |       |       |    25 ||    25
         Ignite Poison     |       |       |    14 ||    14
  Evoke: Wand              |       |       |     1 ||     1
    Use: Potion            |     4 |       |       ||     4
         Scroll            |     1 |       |    11 ||    12
   Stab: Sleeping          |     3 |     2 |     5 ||    10
         Distracted        |       |     3 |       ||     3
         Confused          |       |       |     5 ||     5
 Armour: Robe              |    24 |    22 |    37 ||    83
         Skin              |     5 |       |       ||     5
  Dodge: Dodged            |    42 |    47 |   114 ||   203
  Block: Buckler           |    16 |    18 |    37 ||    71
